 Dungeon Crawl Stone Soup version 0.19-a0-1498-g0b85ae9 (webtiles) character file.

309 Leszczynek the Basher (level 6, -9/55 HPs)
             Began as an Ogre Necromancer on Sept 10, 2016.
             Mangled by a spriggan baker
             ... wielding a +0 dagger
              (15 damage)
             ... on level 7 of the Dungeon.
             The game lasted 00:10:26 (1635 turns).

Leszczynek the Basher (Ogre Necromancer)            Turns: 1635, Time: 00:10:27

Health: -9/55      AC:  5    Str: 15 (16) XL:     6   Next: 41%
Magic:  9/9        EV: 10    Int: 11 (14) God:
Gold:   180        SH:  0    Dex:  9 (10) Spells: 3 memorised, 4 levels left

rFire  . . .     SeeInvis .     n - +2 dagger (venom)
rCold  . . .     Gourm    .     g - +0 robe
rNeg   . . .     Faith    .     (no shield)
rPois  .         Spirit   .     (helmet restricted)
rElec  .         Dismiss  +     k - +1 cloak (curse)
rCorr  .         Reflect  .     (gloves unavailable)
MR     .....     Harm     .     (boots unavailable)
Stlth  +.........               r - amulet of dismissal
                                (no ring)
                                (no ring)

@: no status effects
A: unfitting armour, tough skin 1
a: no special abilities


You were on level 7 of the Dungeon.
You were hungry.

You visited 1 branch of the dungeon, and saw 7 of its levels.

You collected 180 gold pieces.

Inventory:

Hand Weapons
 a - a +0 mace
 n - a +2 dagger of venom (weapon)
Missiles
 c - 5 tomahawks (quivered)
Armour
 g - a +0 robe (worn)
 k - a cursed +1 cloak (worn)
Jewellery
 r - an amulet of dismissal (around neck)
Scrolls
 i - 2 scrolls of identify
 j - a scroll of recharging
 s - a scroll of noise {unknown}
 t - a scroll of enchant weapon {unknown}
 v - a scroll of acquirement {unknown}
Books
 b - a book of Necromancy

   Spells                             Type                      Level
   a - Pain                           Necromancy                   1
   b - Animate Skeleton               Necromancy                   1
   c - Vampiric Draining              Necromancy                   3
   d - Regeneration                   Charms/Necromancy            3
   e - Animate Dead                   Necromancy                   4
   f - Control Undead                 Necromancy                   4
Comestibles
 d - 2 bread rations


   Skills:
 + Level 1.1 Fighting
 * Level 8.0 Maces & Flails
 - Level 1.7 Dodging
 - Level 1.5 Stealth
 - Level 2.4 Spellcasting
 - Level 2.9 Necromancy


You had 4 spell levels left.
You knew the following spells:

 Your Spells              Type           Power        Failure   Level  Hunger
a - Pain                  Necr           #...         10%         1    ##.....
b - Animate Skeleton      Necr           N/A          10%         1    ##.....
c - Vampiric Draining     Necr           #.........   24%         3    ####...


Dungeon Overview and Level Annotations

Branches:
Dungeon (7/15)
 Temple: D:4-7

Altars:
Qazlal
Uskayaw
Vehumet


Innate Abilities, Weirdness & Mutations

You are too large for most types of armour.
You have tough skin. (AC +1)


Message History

As you read the scroll labeled AGO SARPHAE, it crumbles to dust.
It is a scroll of enchant armour.
Your cursed +0 cloak glows green for a moment.
The spriggan baker hits you but does no damage.
As you read the scroll labeled YXOSIR ETTOLU, it crumbles to dust.
You feel strangely unstable.
It was a scroll of teleportation.
The spriggan baker hits you but does no damage.
The spriggan baker looks more healthy.
The spriggan baker hits you with a dagger.
* * * LOW HITPOINT WARNING * * *
Your surroundings seem slightly different.
Okay, then.
You miss the spriggan baker.
The spriggan baker is severely wounded.
You are feeling hungry.
The spriggan baker closely misses you.
You barely miss the spriggan baker.
The spriggan baker is severely wounded.
The spriggan baker hits you with a dagger!
You die...

#######.##.#.# ...........#.#
.#######.###.# #. #.# #.# ...
#############.###.########...
#..[....................#..
#.######......###.###.....
#......i.# #.###.#.#.
#.#..ยง.@## #.......#
#.#.....# #####.######.
#.#.....# #........
#.#.....###########.....
#.########........#.###. #.#
#.######.#.# #.# #.# #.#.#
#.# #.# #.#.# #.# #.#.#


You could see a spriggan baker.

Vanquished Creatures
  2 giant frogs
  A crimson imp (D:5)
  A hound (D:5)
  A hound skeleton (D:5)
  4 adders
  2 oozes
  An adder skeleton (D:7)
  A worm (D:2)
  A dart slug (D:1)
  An orc (D:4)
  3 bats
  3 giant cockroaches
  2 goblins (D:2)
  2 hobgoblins
  2 quokkas
  A ball python (D:2)
  2 giant newts (D:1)
  6 kobolds
  2 quokka zombies
  2 rats (D:2)
40 creatures vanquished.

Vanquished Creatures (collateral kills)
  A hound (D:4)
  A kobold (D:2)
2 creatures vanquished.

Grand Total: 42 creatures vanquished

Notes
Turn   | Place    | Note
-------+----------+-------------------------------------------
     0 | D:1      | Leszczynek the Ogre Necromancer began the quest for the Orb.
     0 | D:1      | Reached XP level 1. HP: 16/16 MP: 3/3
     2 | D:1      | Learned a level 1 spell: Animate Skeleton
    31 | D:1      | Reached skill level 1 in Fighting
    88 | D:2      | Reached skill level 1 in Maces & Flails
    88 | D:2      | Reached XP level 2. HP: 7/27 MP: 0/5
   123 | D:1      | Reached skill level 2 in Maces & Flails
   367 | D:2      | Reached skill level 3 in Maces & Flails
   371 | D:2      | Reached XP level 3. HP: 19/33 MP: 0/6
   868 | D:3      | Reached skill level 4 in Maces & Flails
   912 | D:4      | Reached XP level 4. HP: 27/41 MP: 0/7
   986 | D:4      | Reached skill level 5 in Maces & Flails
   999 | D:4      | Learned a level 3 spell: Vampiric Draining
  1078 | D:5      | Entered Level 5 of the Dungeon
  1167 | D:5      | Reached skill level 6 in Maces & Flails
  1167 | D:5      | Reached XP level 5. HP: 14/48 MP: 8/8
  1341 | D:6      | Found a hide-covered altar of Uskayaw.
  1349 | D:6      | Found a radiant altar of Vehumet.
  1349 | D:6      | Found a stormy altar of Qazlal.
  1414 | D:5      | Reached skill level 7 in Maces & Flails
  1414 | D:5      | Reached XP level 6. HP: 30/55 MP: 9/9
  1422 | D:5      | Noticed a phantom
  1545 | D:7      | Reached skill level 8 in Maces & Flails
  1603 | D:7      | Noticed a spriggan baker
  1631 | D:7      | HP: 5/55 [spriggan baker/dagger (2)]
  1635 | D:7      | Mangled by a spriggan baker

Vault maps used:
D:1:      zelgadis_glass_arrival_small, minmay_small_reverse_x
D:3:      nicolae_overflow_crystal_walls
D:5:      kb_xom_exploding_sheep, first_bread, grunt_ministairs_11
D:6:      grunt_temple_overflow_open, nrook_loot_triangle
D:7:      nicolae_ru_the_path_less_chosen, the_bakery, kennysheep_path_1

Skill      XL: |  1  2  3  4  5  6 |
---------------+-------------------+-----
Fighting       | 1 |  1.1
Maces & Flails | 1 3 4 6 7 8 |  8.0
Dodging        | |  1.7
Stealth        | |  1.5
Spellcasting   | |  2.4
Necromancy     | |  2.9

Action                   |  1- 3 |  4- 6 || total
-------------------------+-------+-------++-------
Melee: Whip              |    17 |       ||    17
       Mace              |    52 |   121 ||   173
       Dagger            |       |     7 ||     7
Throw: Tomahawk          |     4 |       ||     4
 Cast: Pain              |    26 |     9 ||    35
       Animate Skeleton  |     7 |     4 ||    11
  Use: Potion            |       |     8 ||     8
       Scroll            |       |     3 ||     3
 Stab: Distracted        |       |     1 ||     1
       Sleeping          |       |     1 ||     1
  Eat: Chunk             |     1 |     3 ||     4
Armor: Robe              |    27 |    39 ||    66
Dodge: Dodged            |    42 |    78 ||   120
